 Dungeon Crawl Stone Soup version 0.23-a0-577-g2b1de94 (console) character file.

174 Duffy the Magician (level 5, -1/42 HPs)
             Began as a Naga Wizard on Dec 14, 2018.
             Slain by a bullfrog (3 damage)
             ... in a sewer.
             The game lasted 00:04:43 (2118 turns).

Duffy the Magician (Naga Wizard)                    Turns: 2118, Time: 00:04:44

Health: -1/42      AC:  2    Str: 10    XL:     5   Next: 54%
Magic:  6/11       EV: 10    Int: 19    God:
Gold:   76         SH:  0    Dex:  9    Spells: 4/13 levels left

rFire    . . .     SeeInvis +   m - +0 dagger
rCold    . . .     Gourm    .   (no shield)
rNeg     . . .     Faith    .   a - +0 robe
rPois    +         Spirit   .   b - +0 hat
rElec    .         Reflect  .   (no cloak)
rCorr    .         Harm     .   (no gloves)
MR       .....                  (no barding)
Stlth    ++........             k - amulet of magic regeneration
HPRegen  0.14/turn              (no ring)
MPRegen  0.37/turn              (no ring)

@: very slow
A: large, see invisible, deformed body, poison resistance, slowness 2, slow
metabolism 1, spit poison 1, AC +1
a: Spit Poison


You were in a sewer.
You were not hungry.

You visited 1 branch of the dungeon, and saw 3 of its levels.
You also visited: Sewer.

You collected 76 gold pieces.

Inventory:

Hand Weapons
 m - a +0 dagger (weapon)
Armour
 a - a +0 robe (worn)
 b - a +0 hat (worn)
Jewellery
 k - an amulet of magic regeneration (around neck)
Wands
 l - a wand of scattershot (4)
Scrolls
 f - 2 scrolls of magic mapping {unknown}
 h - a scroll of fear {unknown}
 i - a scroll of identify {unknown}
 j - a scroll of random uselessness {unknown}
 n - a scroll of amnesia {unknown}
Potions
 e - a potion of mutation {unknown}
 g - a potion of heal wounds {unknown}
Comestibles
 c - 7 chunks of flesh
 d - 3 rations


   Skills:
 - Level 1.5 Dodging
 - Level 3.0 Stealth
 + Level 4.5 Spellcasting
 + Level 3.7 Conjurations
 - Level 1.0 Summonings
   Level 1.0 Translocations


You had 4 spell levels left.
You knew the following spells:

 Your Spells              Type           Power        Failure   Level  Hunger
h - Magic Dart            Conj           ###.         2%          1    None
i - Call Imp              Summ           #.......     13%         2    #......
l - Conjure Flame         Conj/Fire      ##......     19%         3    ###....
o - Mephitic Cloud        Conj/Pois/Air  #.......     24%         3    ###....

Your spell library contained the following spells:

 Spells                   Type           Power        Failure   Level  Hunger
 Blink                    Tloc           N/A          13%         2    #......
 Slow                     Hex            #.......     21%         2    #......


Dungeon Overview and Level Annotations

Branches:
Dungeon (3/15)

Altars:
Dithmenos
Elyvilon


Innate Abilities, Weirdness & Mutations

You cannot wear boots.
Your serpentine skin is tough. (AC +1)
You have supernaturally acute eyesight. (SInv)
Armour fits poorly on your strangely shaped body.
Your system is resistant to poisons. (rPois)
You cover ground very slowly.
You have a slow metabolism.
You can spit poison.


Message History

Your crimson imp disappears in a puff of smoke!
The bullfrog hits your shadow imp. x2
Your crimson imp barely misses the bullfrog.
Your shadow imp barely misses the bullfrog.
The bullfrog barely misses your shadow imp.
Your crimson imp closely misses the bullfrog.
Your shadow imp gestures at the bullfrog.
The bullfrog writhes in agony!
The bullfrog hits your shadow imp.
Your shadow imp dies!
You swap places.
A frilled lizard comes into view.
The bullfrog closely misses you.
Your crimson imp blinks!
Your crimson imp closely misses the bullfrog.
The bullfrog hits you. x2; The ooze hits your crimson imp.
Your crimson imp completely misses the ooze.
The bullfrog hits you.
You see here a ball python corpse.
The ooze misses your crimson imp. The bullfrog hits you.
You die...

#..~..#####~%~~~##
#~.~###~~.###~.~~#
##%~##~~.~~~~##.~.#
##~~##~~~~~~.~~##~~##
#~~~.~.~~~~~~~~~#~~~#
#~~%~~#######~~~##~.#
#######~###~~.~~##~~~#~~##
#.~...###~~5~.~~~##~.#~~.#
#~~~~~#.~@FFJ....~#~~##.~#
#~.~~~#..##~5~).~~##~~#%%#
#~~#~.#~.#~.%$....~#%~#.~#
#.~#~~#~~#~..~/$.~~#.~#.~#
#.~#~##~~#.0~~.?.0~#~~#.~#
#~~#~#~~~#~.~l..~~~#~~#.~#
#~~#~#\~~#~~~~~~~~~#..#~~#
#.~#.#~~~##~~~~~~~##%~#~~#
#~~#%###~~# #~~##.~#


You could see 2 bullfrogs, an ooze and 2 friendly crimson imps.

Vanquished Creatures
  2 adders
  6 oozes (Sewer)
  6 leopard geckos
  An orc (D:3)
  10 ball pythons (Sewer)
  3 bats (D:2)
  5 giant cockroaches
  2 goblins (D:1)
  2 hobgoblins
  5 jackals
  A kobold (D:2)
  2 quokkas
  8 frilled lizards
  4 rats
57 creatures vanquished.

Vanquished Creatures (collateral kills)
  Ijyb (D:3)
  4 adders
  3 oozes (Sewer)
  A worm (D:3)
  6 leopard geckos (Sewer)
  4 orcs (D:3)
  A giant cockroach (Sewer)
  A jackal (D:3)
  A ball python (Sewer)
  5 frilled lizards (Sewer)
27 creatures vanquished.

Grand Total: 84 creatures vanquished

Notes
Turn   | Place    | Note
-------+----------+-------------------------------------------
     0 | D:1      | Duffy the Naga Wizard began the quest for the Orb.
     0 | D:1      | Reached XP level 1. HP: 15/15 MP: 4/4
   179 | D:1      | Reached XP level 2. HP: 19/22 MP: 0/6
   308 | D:2      | Found a white marble altar of Elyvilon.
   790 | D:3      | Learned a level 2 spell: Call Imp
   805 | D:3      | Reached XP level 3. HP: 16/28 MP: 1/7
   862 | D:3      | Noticed Ijyb
   876 | D:3      | Killed Ijyb
   947 | D:3      | Found a shadowy altar of Dithmenos.
  1060 | D:3      | Reached XP level 4. HP: 24/36 MP: 3/9
  1100 | D:3      | Found a glowing drain.
  1105 | Sewer    | Entered a sewer
  1113 | Sewer    | Learned a level 3 spell: Conjure Flame
  1117 | Sewer    | Learned a level 3 spell: Mephitic Cloud
  1206 | Sewer    | Reached skill level 4 in Spellcasting
  1592 | Sewer    | Reached XP level 5. HP: 36/42 MP: 7/11
  2117 | Sewer    | HP: 2/42 [bullfrog (6)]
  2118 | Sewer    | Slain by a bullfrog

Vault maps used:
D:1:      sevenhm_arrival_forest_fort_small_5, bh_walls_and_bars
D:2:      first_ration, elyvilon_altar_4
D:3:      minmay_chambers_of_threes, old_standard_altar, lemuel_crystal_altar,
          portal_sewer_entry_e, uniq_ijyb
Sewer:    sewer_frog_island_02

Skill      XL: |  1  2  3  4 |
---------------+-------------+-----
Conjurations   | 2 3 |  3.7
Spellcasting   | 4 |  4.5
Dodging        | |  1.5
Stealth        | |  3.0
Summonings     | |  1.0
Translocations | |  1.0

Action                   |  1- 3 |  4- 6 || total
-------------------------+-------+-------++-------
Melee: Dagger            |       |    31 ||    31
 Cast: Magic Dart        |    58 |    70 ||   128
       Call Imp          |     5 |    23 ||    28
 Abil: Spit Poison       |    13 |     2 ||    15
 Stab: Sleeping          |       |     1 ||     1
  Eat: Chunk             |     1 |     3 ||     4
Armor: Robe              |     2 |    10 ||    12
Dodge: Dodged            |    15 |    49 ||    64

Table legend:
 A = Non-vault XP
 B = Vault XP
 C = Vault XP percentage of total XP
 D = Non-vault monster count
 E = Vault monster count
 F = Vault count percentage of total count
                 A         B        C        D         E       F
            +---------+---------+-------+---------+---------+-------
      Total |      73 |     176 |  70.7 |      31 |      53 |  63.1
            +---------+---------+-------+---------+---------+-------
        D:1 |      11 |       0 |   0.0 |       6 |       0 |   0.0
        D:2 |      16 |       2 |  11.1 |       9 |       1 |  10.0
        D:3 |      46 |      18 |  28.1 |      16 |       1 |   5.9
      Sewer |       0 |     156 | 100.0 |       0 |      51 | 100.0
            +---------+---------+-------+---------+---------+-------
